 Dungeon Crawl Stone Soup version 0.23-a0-629-gae4348f (webtiles) character file.

43 Lanoc the Magician (level 3, -1/26 HPs)
             Began as a Draconian Wizard on Dec 26, 2018.
             Killed from afar by an orc wizard (2 damage)
             ... with a magic dart
             ... on level 2 of the Dungeon.
             The game lasted 00:04:34 (1465 turns).

Lanoc the Magician (Draconian Wizard)               Turns: 1465, Time: 00:04:34

Health: -1/26      AC:  6    Str:  9    XL:     3   Next: 37%
Magic:  1/7        EV: 18    Int: 19    God:
Gold:   93         SH:  0    Dex: 16    Spells: 7/8 levels left

rFire    . . .     SeeInvis .   f - +0 dagger
rCold    . . .     Gourm    .   (no shield)
rNeg     . . .     Faith    .   (armour unavailable)
rPois    .         Spirit   .   a - +0 hat
rElec    .         Reflect  .   (no cloak)
rCorr    .         Harm     .   (no gloves)
MR       .....     Rnd*Tele +   (no boots)
Stlth    ++........             (no amulet)
HPRegen  0.08/turn              (no ring)
MPRegen  0.10/turn              (no ring)

@: confused, agile, flying, very slightly contaminated, hasted, very quick
A: unfitting armour, antennae 1, agile 1, shaggy fur 1, teleportitis 1,
cold-blooded, AC +5
a: no special abilities


You were on level 2 of the Dungeon.
You were hungry.

You visited 1 branch of the dungeon, and saw 3 of its levels.

You collected 93 gold pieces.

Inventory:

Hand Weapons
 f - a +0 dagger (weapon)
Missiles
 l - 45 bolts
Armour
 a - a +0 hat (worn)
Scrolls
 e - a scroll of remove curse {unknown}
 g - a scroll of blinking {unknown}
 h - a scroll of immolation {unknown}
 j - 2 scrolls of amnesia {unknown}
 m - a scroll of fear {unknown}
 n - a scroll of teleportation {unknown}
 o - 2 scrolls of identify {unknown}
Potions
 i - 2 potions of heal wounds
Comestibles
 c - 5 rations
 p - 2 chunks of flesh


   Skills:
 + Level 2.2 Dodging
 - Level 1.7 Stealth
 + Level 3.3 Spellcasting
 * Level 2.5 Conjurations
   Level 1.0 Summonings
   Level 1.0 Translocations


You had 7 spell levels left.
You knew the following spells:

 Your Spells              Type           Power        Failure   Level  Hunger
a - Magic Dart            Conj           ##..         5%          1    None

Your spell library contained the following spells:

 Spells                   Type           Power        Failure   Level  Hunger
 Blink                    Tloc           N/A          14%         2    ##.....
 Call Imp                 Summ           #.......     14%         2    ##.....
 Slow                     Hex            #.......     22%         2    ##.....
 Conjure Flame            Conj/Fire      #.......     26%         3    ###....
 Mephitic Cloud           Conj/Pois/Air  #.......     32%         3    ###....


Dungeon Overview and Level Annotations

Branches:
Dungeon (3/15)

Altars:


Innate Abilities, Weirdness & Mutations

Your plain brown scales are hard. (AC +5)
You cannot fit into any form of body armour.
You are cold-blooded and may be slowed by cold attacks.
You have a pair of small antennae on your head.
You are agile. (Dex +2)
You are covered in fur. (AC +1)
You are occasionally teleported next to monsters.


Message History

You are confused.
You bump into the rock wall.
The iguana bites you but does no damage.
Something hits you.
* * * LOW HITPOINT WARNING * * *
You bump into the rock wall.
The iguana completely misses you.
You bump into the rock wall.
Something hits you but does no damage.
You're too confused to move!
The iguana barely misses you. Something hits you but does no damage.
You hit the iguana.
Your tail-slap misses the iguana.
The iguana is severely wounded.
The iguana misses you.
You bump into the rock wall.
Something hits you.
* * * LOW HITPOINT WARNING * * *
You're too confused to move!
The iguana bites you.
* * * LOW HITPOINT WARNING * * *
You hear some strange, mumbled words.
A magic dart appears from out of thin air!
The magic dart hits you!
You die...

#.##... #.##... #.##...
#...... #...... #...(..
#.#.... ###########
#####.#)...
#.....l@{.####......o...
#.#######.......##.#....
######..##.#...#
#..##.#...# ......# ...
.#..#### .# #.#..# .# #
#... #...


You could see an iguana.

Vanquished Creatures
  An adder (D:2)
  2 dart slugs
  An orc (D:3)
  A bat (D:1)
  A giant cockroach (D:1)
  6 goblins
  3 hobgoblins
  A quokka (D:3)
  4 frilled lizards
  6 kobolds
  5 rats
31 creatures vanquished.

Notes
Turn   | Place    | Note
-------+----------+-------------------------------------------
     0 | D:1      | Lanoc the Draconian Wizard began the quest for the Orb.
     0 | D:1      | Reached XP level 1. HP: 14/14 MP: 4/4
   172 | D:1      | Reached XP level 2. HP: 14/20 MP: 1/6
   933 | D:2      | You fall through a shaft!
  1190 | D:3      | Reached XP level 3. HP: 26/26 MP: 0/7
  1441 | D:2      | Gained mutation: You are occasionally teleported next to
                  | monsters. [potion of mutation]
  1441 | D:2      | Gained mutation: You have a pair of small antennae on your
                  | head. [potion of mutation]
  1441 | D:2      | Gained mutation: You are agile. (Dex +2) [potion of
                  | mutation]
  1441 | D:2      | Gained mutation: You are covered in fur. (AC +1) [potion of
                  | mutation]
  1465 | D:2      | HP: 1/26 [iguana (5)]
  1465 | D:2      | Killed from afar by an orc wizard

Vault maps used:
D:1:      minmay_arrival_shoal_huts
D:2:      minmay_roachtagon
D:3:      lemuel_doored_altar, chequers_ecumenical_altar_simple,
          uniq_crazy_yiuf_cottage

Skill      XL: |  1  2 |
---------------+-------+-----
Dodging        | 2 |  2.2
Conjurations   | 2 |  2.5
Stealth        | |  1.7
Spellcasting   | |  3.3
Summonings     | |  1.0
Translocations | |  1.0

Action                   || total
-------------------------++-------
Melee: Dagger            ||    43
       Unarmed           ||     5
       Tailslap          ||     3
 Cast: Magic Dart        ||    62
  Use: Potion            ||     5
 Stab: Sleeping          ||     1
  Eat: Chunk             ||     1
Armor: Skin              ||    17
Dodge: Dodged            ||    44

Table legend:
 A = Non-vault XP
 B = Vault XP
 C = Vault XP percentage of total XP
 D = Non-vault monster count
 E = Vault monster count
 F = Vault count percentage of total count
                 A         B        C        D         E       F
            +---------+---------+-------+---------+---------+-------
      Total |      62 |       0 |   0.0 |      31 |       0 |   0.0
            +---------+---------+-------+---------+---------+-------
        D:1 |      32 |       0 |   0.0 |      21 |       0 |   0.0
        D:2 |      22 |       0 |   0.0 |       6 |       0 |   0.0
        D:3 |       8 |       0 |   0.0 |       4 |       0 |   0.0
            +---------+---------+-------+---------+---------+-------
